 Dungeon Crawl Stone Soup version 0.26-a0-639-g72c4674329 (webtiles) character file.

Game seed: 6480937513162462123

120 MrRokkomies the Sneak (level 4, 0/40 HPs)
             Began as a Demigod Delver on Sept 16, 2020.
             Slain by Sigmund
             ... wielding a +2 scythe of flaming
              (12 damage)
             ... on level 2 of the Dungeon.
             The game lasted 00:06:50 (3326 turns).

MrRokkomies the Sneak (Demigod Delver)              Turns: 3326, Time: 00:06:51

Health: 0/40       AC:  4    Str: 15    XL:     4   Next: 47%
Magic:  6/6        EV: 13    Int: 16    God:
Gold:   116        SH:  0    Dex: 17    Spells: 3/3 levels left

rFire    . . .     SeeInvis .   a - +0 falchion
rCold    . . .     Faith    .   (no shield)
rNeg     . . .     Spirit   .   b - +0 leather armour
rPois    +         Reflect  .   k - +0 helmet
rElec    .         Harm     .   (no cloak)
rCorr    .         Rampage  .   (no gloves)
MR       .....                  (no boots)
Stlth    +++.......             (no amulet)
HPRegen  0.13/turn              l - ring of poison resistance
MPRegen  0.10/turn              (no ring)

@: no status effects
A: high mp 1
a: no special abilities


You were on level 2 of the Dungeon.
You visited 1 branch of the dungeon, and saw 5 of its levels.

You collected 116 gold pieces.

Inventory:

Hand Weapons
 a - a +0 falchion (weapon)
Armour
 b - a +0 leather armour (worn)
 k - a +0 helmet (worn)
Jewellery
 l - a ring of poison resistance (left hand)
 n - an uncursed ring of fire
 o - an uncursed amulet of the acrobat {unknown}
Wands
 g - a wand of digging (3)
 h - a wand of acid (7)
Scrolls
 c - a scroll of fog
 d - a scroll of magic mapping
 e - 2 scrolls of enchant armour {unknown}
 j - 2 scrolls of remove curse {unknown}
 m - 2 scrolls of identify
 p - 2 scrolls of noise {unknown}
 q - 2 scrolls of teleportation {unknown}
Potions
 f - a potion of brilliance
 r - a potion of might {unknown}


   Skills:
 * Level 3.8 Fighting
 * Level 3.1 Long Blades
 + Level 2.5 Dodging
 - Level 4.5 Stealth


You had 3 spell levels left.
You didn't know any spells.
Your spell library was empty.

Dungeon Overview and Level Annotations

Branches:
Dungeon (5/15)
 Temple: D:4-7

Annotations:
D:2 Sigmund


Innate Abilities, Weirdness & Mutations

You have an increased reservoir of magic. (+10% MP)


Message History

Sigmund is heavily wounded.
Sigmund closely misses you.
You barely miss Sigmund.
Sigmund is heavily wounded.
You barely miss Sigmund.
Sigmund is heavily wounded.
Sigmund closely misses you.
You riposte.
You barely miss Sigmund.
Sigmund is heavily wounded.
You slash Sigmund!
Sigmund is severely wounded.
Sigmund casts a spell.
Sigmund flickers and vanishes!
Deactivating autopickup; reactivate with Ctrl-A.
You barely miss something. Something hits you! Something burns you.
You closely miss something. Something hits you. Something burns you.
You miss something. You hit something. Something hits you. Something burns you.
* * * LOW HITPOINT WARNING * * *
You hit something. Something hits you!
You die...

### #..# #. #..# #. #..#
#. #..# #. #..# #. #..#
#.
################..#####.
.((..({@................
################.#####..
#.# #.# ### ###


There were no monsters in sight!

Vanquished Creatures
  Robin (D:2)
  4 adders
  A worm (D:2)
  3 dart slugs (D:1)
  2 leopard geckos
  4 bats
  2 giant cockroaches (D:1)
  12 goblins
  14 hobgoblins
  2 quokkas
  A ball python (D:1)
  3 frilled lizards
  6 kobolds
  6 rats
61 creatures vanquished.

Vanquished Creatures (others)
  2 goblins (D:2)
2 creatures vanquished.

Grand Total: 63 creatures vanquished

Notes
Turn   | Place    | Note
-------+----------+-------------------------------------------
     0 | D:5      | MrRokkomies the Demigod Delver began the quest for the Orb.
     0 | D:5      | Reached XP level 1. HP: 18/18 MP: 3/3
    25 | D:5      | Noticed an orc wizard
    38 | D:4      | Noticed an orc wizard
    38 | D:4      | Noticed a worker ant
    67 | D:3      | Reached XP level 2. HP: 4/26 MP: 4/4
   858 | D:1      | Reached XP level 3. HP: 31/31 MP: 5/5
  1553 | D:1      | HP: 1/31 [kobold/+0 mace (4)]
  1571 | D:1      | HP: 1/31 [hobgoblin (4)]
  2045 | D:2      | Noticed Robin
  2091 | D:2      | Killed Robin
  2091 | D:2      | Reached XP level 4. HP: 14/39 MP: 6/6
  3308 | D:2      | Noticed Sigmund
  3326 | D:2      | Slain by Sigmund

Illustrated notes

Levels and vault maps discovered:
D:1:      dpeg_arrival_morbid_curiosity, layout_rooms
D:2:      layout_basic, uniq_sigmund, uniq_robin, uniq_crazy_yiuf_cottage
D:3:      layout_rooms, elyvilon_altar_5, fedhas_altar_1
D:4:      layout_layer_cave
D:5:      layout_layer_cave, minmay_temple_entry_ruins, serial_shops, shop,
          evilmike_ruin_ashenzari, uniq_ijyb

Skill      XL: |  1  2  3  4 |
---------------+-------------+-----
Long Blades    | 2 3 |  3.1
Fighting       | 3 |  3.8
Dodging        | 2 |  2.5
Stealth        | |  4.5

Action                   |  1- 3 |  4- 6 || total
-------------------------+-------+-------++-------
Melee: Falchion          |   123 |    56 ||   179
Throw: Dart              |    19 |     6 ||    25
  Use: Scroll            |     1 |     1 ||     2
       Potion            |     3 |     1 ||     4
 Stab: Sleeping          |     9 |     1 ||    10
Armor: Leather armour    |    35 |    20 ||    55
Dodge: Dodged            |   116 |    47 ||   163
       Rpst.: Falchion   |    31 |    15 ||    46

Table legend: (Time is in decaauts)
 A = Elapsed time spent in this place.
 B = Non-inter-level travel time spent in this place.
 C = Inter-level travel time spent in this place.
 D = Time resting spent in this place.
 E = Time spent auto-exploring this place.
 F = Levels seen in this place.
 G = Mean time per level.
                   A        B        C        D        E       F      G
               +--------+--------+--------+--------+--------+-----+--------+
         Total |   3340 |   3268 |     72 |   1290 |   1388 |   5 |  668.0 |
       Dungeon |   3340 |   3268 |     72 |   1290 |   1388 |   5 |  668.0 |
               +--------+--------+--------+--------+--------+-----+--------+

Top non-repeatable levels by time:
     D:2: 1761 daAuts
     D:1: 1143 daAuts
     D:3: 392 daAuts
     D:5: 38 daAuts
     D:4: 5 daAuts
